 Dungeon Crawl Stone Soup version 0.26-a0-712-ga5a9c9c9d0 (webtiles) character file.

Game seed: 3639079999477549304

1421 kae the Spear-Bearer (level 8, -4/65 HPs)
             Began as a Merfolk Gladiator on Nov 12, 2020.
             Was an Initiate of Ru.
             Slain by Pikel
             ... wielding a +0 whip of electrocution
              (11 damage)
             ... on level 4 of the Dungeon.
             The game lasted 00:04:33 (6583 turns).

kae the Spear-Bearer (Merfolk Gladiator)            Turns: 6583, Time: 00:04:34

Health: -4/65      AC:  5    Str: 17    XL:     8   Next: 72%
Magic:  8/8        EV: 14    Int:  7    God:    Ru [......]
Gold:   499        SH:  0    Dex: 15    Spells: 7/7 levels left

rFire    . . .     SeeInvis .   a - +0 trident
rCold    . . .     Faith    .   (no shield)
rNeg     . . .     Spirit   .   b - +0 leather armour
rPois    .         Reflect  .   c - +1 helmet
rElec    .         Harm     .   (no cloak)
rCorr    .         Rampage  .   (no gloves)
MR       .....                  (no boots)
Stlth    +.........             (no amulet)
HPRegen  0.20/turn              (no ring)
MPRegen  0.11/turn              (no ring)

@: no status effects
A: change form in water, swift swim, stealthy swim
a: Renounce Religion


You were on level 4 of the Dungeon.
You worshipped Ru.
Ru was noncommittal.
You visited 1 branch of the dungeon, and saw 6 of its levels.

You collected 499 gold pieces.

Inventory:

Hand Weapons
 a - a +0 trident (weapon)
 t - a +1 scythe
Missiles
 d - 3 throwing nets (quivered)
Armour
 b - a +0 leather armour (worn)
 c - a +1 helmet (worn)
Jewellery
 h - a +6 ring of intelligence {unknown}
 j - an uncursed amulet of reflection {unknown}
 l - a +6 ring of intelligence {unknown}
 n - an uncursed ring of poison resistance {unknown}
Wands
 q - a wand of random effects (11)
 x - a wand of enslavement (8)
Scrolls
 e - a scroll of amnesia
 f - 4 scrolls of teleportation
 g - 6 scrolls of identify
 r - 2 scrolls of enchant weapon
 u - 3 scrolls of blinking
 v - a scroll of immolation {unknown}
 w - 2 scrolls of remove curse {unknown}
 y - a scroll of magic mapping {unknown}
Potions
 i - 5 potions of curing
 k - a potion of brilliance
 m - 2 potions of stabbing
 o - a potion of ambrosia
 p - a potion of invisibility
 s - a potion of resistance


   Skills:
 + Level 6.9 Fighting
 * Level 12.5 Polearms
 - Level 2.0 Throwing
 - Level 4.0 Dodging


You had 7 spell levels left.
You didn't know any spells.
Your spell library contained the following spells:

 Spells                   Type           Power        Failure   Level
 Animate Skeleton         Necr           #.....       50%         1
 Apportation              Tloc           #.....       50%         1
 Corona                   Hex            #......      50%         1
 Summon Small Mammal      Summ           #...         50%         1


Dungeon Overview and Level Annotations

Branches:
Dungeon (6/15)             Temple (0/1) D:5

Altars:
Cheibriados
Gozag
Hepliaklqana
Qazlal
Ru
Yredelemnul
The Shining One

Annotations:
D:3 Grinder
D:4 Pikel
D:6 Blork the orc


Message History

Pikel is almost dead.
Pikel hits you with a +0 whip of electrocution.
You are electrocuted!!
* * * LOW HITPOINT WARNING * * *
You hit Pikel but do no damage.
Pikel is almost dead.
Pikel hits you but does no damage.
You barely miss Pikel.
Pikel is almost dead.
Pikel closely misses you.
You closely miss Pikel.
Pikel is almost dead.
You closely miss Pikel.
Pikel is almost dead.
A jackal comes into view.
Pikel hits you but does no damage.
You hit Pikel but do no damage.
Pikel is almost dead.
Pikel hits you with a +0 whip of electrocution!
You die...

#.#####.####.#.........
#(#.........(<.###.#..#
#.#.##.###....####.#...
#.#.##.# #>#..###.....#
#.#....###.............
#.#........#..###.....#
#.#....###.#..# ##....#
#......###.#..# ###...
#.....@K......#####.<..
#....).###.##.##.......
#.#...####.............
#.............##.##....
#..#.h#######.##.##....
#..#....# #..........
#..##.#)#####.#..##.#..
#..............#.##.#.#
##..###..........##.#.#


You could see Pikel and a jackal.

Vanquished Creatures
  Sigmund (D:6)
  A phantom (D:4)
  2 ice beasts
  2 ogres (D:4)
  2 centaurs (D:6)
  4 lemures (D:4)
  2 bullfrogs
  A scorpion (D:6)
  A bullfrog zombie (D:6)
  2 hounds
  An orc priest (D:4)
  3 orc wizards
  An iguana (D:5)
  A worker ant (D:6)
  2 hound skeletons
  A worker ant zombie (D:3)
  4 adders
  A howler monkey skeleton (D:6)
  2 river rats (D:6)
  3 oozes
  An adder zombie (D:6)
  2 worms (D:3)
  5 leopard geckos
  7 orcs
  5 giant cockroaches
  7 goblins
  16 hobgoblins
  A jackal (D:4)
  A quokka (D:4)
  5 ball pythons
  9 bats
  7 frilled lizards
  10 kobolds
  11 rats
124 creatures vanquished.

Vanquished Creatures (others)
  2 toadstools (D:1)
2 creatures vanquished.

Grand Total: 126 creatures vanquished

Notes
Turn   | Place    | Note
-------+----------+-------------------------------------------
     0 | D:1      | kae the Merfolk Gladiator began the quest for the Orb.
     0 | D:1      | Reached XP level 1. HP: 16/16 MP: 1/1
   108 | D:1      | Reached XP level 2. HP: 23/23 MP: 2/2
   110 | D:1      | Reached skill level 5 in Polearms
   409 | D:1      | Reached XP level 3. HP: 28/28 MP: 3/3
   662 | D:2      | Noticed a bullfrog
   676 | D:1      | Killed a bullfrog
   676 | D:1      | Reached skill level 6 in Polearms
   676 | D:1      | Reached XP level 4. HP: 13/35 MP: 4/4
  1116 | D:2      | Reached skill level 7 in Polearms
  1242 | D:2      | Reached XP level 5. HP: 41/41 MP: 5/5
  1328 | D:2      | Found a hazy altar of Hepliaklqana.
  1840 | D:3      | Found a snail-covered altar of Cheibriados.
  2134 | D:3      | Found a glowing golden altar of the Shining One.
  2242 | D:3      | Found a faded altar of an unknown god.
  2384 | D:3      | Found a sacrificial altar of Ru.
  2405 | D:3      | Became a worshipper of Ru the Awakened
  2448 | D:4      | Reached skill level 8 in Polearms
  2487 | D:4      | Noticed an ogre
  2496 | D:4      | Killed an ogre
  2496 | D:4      | Reached XP level 6. HP: 49/49 MP: 6/6
  2497 | D:4      | Noticed a phantom
  2548 | D:4      | Killed a phantom
  2548 | D:4      | Reached skill level 9 in Polearms
  2798 | D:4      | Reached XP level 7. HP: 12/55 MP: 7/7
  3082 | D:4      | Noticed Grinder
  3087 | D:4      | Paralysed by Grinder for 3 turns
  3391 | D:4      | You fall into a shaft and drop 2 floors!
  3405 | D:6      | Reached skill level 5 in Fighting
  3429 | D:6      | Reached skill level 10 in Polearms
  3657 | D:6      | Noticed Blork the orc
  3671 | D:6      | Noticed Sigmund
  3686 | D:6      | Killed Sigmund
  3839 | D:6      | Reached XP level 8. HP: 12/64 MP: 8/8
  4096 | D:6      | Reached skill level 11 in Polearms
  4316 | D:6      | Found an opulent altar of Gozag.
  4900 | D:6      | Found a basalt altar of Yredelemnul.
  4966 | D:5      | Entered Level 5 of the Dungeon
  5092 | D:5      | Reached skill level 12 in Polearms
  5409 | D:5      | Found a stormy altar of Qazlal.
  5430 | D:5      | Found a staircase to the Ecumenical Temple.
  5817 | D:4      | Noticed Pikel
  6583 | D:4      | Slain by Pikel

Illustrated notes

Levels and vault maps discovered:
D:1:      lemuel_arrival_lava_pool, layout_rooms, minmay_gold_behind_fungi,
          minmay_strange_pillars
D:2:      layout_loops_cross, overflow_temple_1_default
D:3:      layout_loops_ring, cheibriados_altar_1, lemuel_doored_altar,
          lemuel_coloured_pillars_altar, chequers_ecumenical_altar_island
D:4:      layout_loops_ring, uniq_grinder, uniq_pikel
D:5:      layout_basic, kennysheep_mini, temple_doors_ab, abandoned_shop,
          saegor_snake_ambush
D:6:      layout_rooms, kennysheep_mini_moat, grunt_gozag_breadcrumbs,
          portal_sewer_entry_b, minmay_misc_feat_room, kennysheep_nub,
          uniq_blork_the_orc, uniq_sigmund

Skill      XL: |  1  2  3  4  5  6  7  8 |
---------------+-------------------------+-----
Polearms       | 5 6 7 8 9 10 12 | 12.5
Fighting       | 3 4 5 6 |  6.9
Throwing       | |  2.0
Dodging        | |  4.0

Action                   |  1- 3 |  4- 6 |  7- 9 || total
-------------------------+-------+-------+-------++-------
Melee: Trident           |   112 |   208 |   298 ||   618
Invok: Reject Sacrifices |       |       |     1 ||     1
Evoke: Wand              |       |       |     2 ||     2
  Use: Scroll            |       |     8 |     4 ||    12
       Potion            |       |       |     1 ||     1
 Stab: Sleeping          |     2 |     4 |     1 ||     7
       Distracted        |       |       |     2 ||     2
Armor: Leather armour    |    22 |    41 |    34 ||    97
Dodge: Dodged            |    74 |    90 |   119 ||   283

Table legend: (Time is in decaauts)
 A = Elapsed time spent in this place.
 B = Non-inter-level travel time spent in this place.
 C = Inter-level travel time spent in this place.
 D = Time resting spent in this place.
 E = Time spent auto-exploring this place.
 F = Levels seen in this place.
 G = Mean time per level.
                   A        B        C        D        E       F      G
               +--------+--------+--------+--------+--------+-----+--------+
         Total |   6466 |   6376 |     90 |    914 |   4500 |   6 | 1077.7 |
       Dungeon |   6466 |   6376 |     90 |    914 |   4500 |   6 | 1077.7 |
               +--------+--------+--------+--------+--------+-----+--------+

Top non-repeatable levels by time:
     D:4: 1626 daAuts
     D:6: 1538 daAuts
     D:3: 1086 daAuts
     D:2: 820 daAuts
     D:1: 751 daAuts
     D:5: 642 daAuts
